 Dungeon Crawl Stone Soup version 0.28.0-53-g5a82cb258f (webtiles) character file.

Game seed: 11267788052723365602

652 SanguineChosen the Chopper (level 7, -9/61 HPs)
             Began as a Minotaur Berserker on Aug 7, 2022.
             Was a Priest of Trog.
             Mangled by Menkaure (14 damage)
             ... on level 4 of the Dungeon.
             The game lasted 00:18:51 (4991 turns).

SanguineChosen the Chopper (Minotaur Berserker)     Turns: 4991, Time: 00:18:52

Health: -9/61      AC: 13    Str: 23    XL:     7   Next: 28%
Magic:  6/6        EV: 11    Int:  8    God:    Trog [***...]
Gold:   308        SH:  0    Dex: 10    Spells: 6/6 levels left

rFire   + . .      SeeInvis +   c - +3 hand axe (venom)
rCold   + + .      Faith    .   (no shield)
rNeg    . . .      Spirit   .   l - +1 scale mail of the Nine Coins {rC+ Int+4 SInv}
rPois   +          Reflect  .   (helmet restricted)
rElec   +          Harm     .   (no cloak)
rCorr   +          Rampage  .   g - +0 pair of gloves
Will    ++...                   e - +2 pair of boots
Stlth   ..........              (no amulet)
HPRegen 1.20/turn               (no ring)
MPRegen 0.10/turn               (no ring)

@: resistant, strong-willed, regenerating
A: horns 2, retaliatory headbutt
a: Renounce Religion, Berserk, Trog's Hand


You were on level 4 of the Dungeon.
You worshipped Trog.
Trog was most pleased with you.
You visited 1 branch of the dungeon, and saw 5 of its levels.
You also visited: Sewer.

You collected 308 gold pieces.

Inventory:

Hand Weapons
 a - a +2 dire flail of holy wrath
 c - a +3 hand axe of venom (weapon)
Missiles
 n - 4 poisoned darts (quivered)
Armour
 e - a +2 pair of boots (worn)
 g - a +0 pair of gloves (worn)
 l - the +1 scale mail of the Nine Coins (worn) {rC+ Int+4 SInv}
   (You found it on level 4 of the Dungeon)

   Int:       It affects your intelligence (+4).
   rC:        It protects you from cold.
   SInv:      It lets you see invisible.
Wands
 m - a wand of mindburst (17)
Scrolls
 b - a scroll of silence {unknown}
 i - a scroll of amnesia {unknown}
 k - 3 scrolls of fog
Potions
 f - a potion of haste
 h - a potion of lignification


   Skills:
 + Level 5.4 Fighting
 + Level 7.2 Axes
 + Level 5.6 Armour
 + Level 3.4 Dodging


You had 6 spell levels left.
You didn't know any spells.
Your spell library was empty.

Dungeon Overview and Level Annotations

Branches:
Dungeon (5/15)              Sewer (visited)
 Temple: D:4-7

Altars:
Okawaru

Annotations:
D:4 Menkaure


Innate Abilities, Weirdness & Mutations

You have a pair of horns on your head.
You reflexively headbutt those who attack you in melee.


Message History

Aim: Menkaure (73% to hit)
You throw a poisoned dart. The poisoned dart hits Menkaure.
Throw: 5 darts (poison)
Press: ? - help, Q - select action, (/) - cycle Shift-Dir - straight line, f/p - Menkaure
Aim: Menkaure (73% to hit)
You throw a poisoned dart. The poisoned dart hits Menkaure.
You climb upwards.
There is a stone staircase leading down here.
You climb downwards.
Level annotation: Menkaure
There is a stone staircase leading up here.
Aiming: Mindburst
Press: ? - help, Q - select action, (/) - cycle Shift-Dir - straight line, f - Menkaure
Aim: Menkaure (chance to affect: 64%) Menkaure's mind is blasted!!
Menkaure casts a spell.
Menkaure seems to speed up.
Menkaure hits you!
You hit Menkaure.
You headbutt Menkaure, but do no damage.
Menkaure is almost destroyed.
Menkaure closely misses you.
The orc wizard casts a spell.
The orc wizard flickers and vanishes for a moment.
Menkaure calls on the powers of darkness!
Your body is wracked with pain!
The orc wizard convulses!
The orc convulses! x2
The hound convulses!
There is a stone staircase leading up here.
Menkaure closely misses you.
You climb upwards.
There is a stone staircase leading down here.
Your skin crawls.
You feel strong-willed. Menkaure hits you!
* * * LOW HITPOINT WARNING * * *
You feel protected. Menkaure hits you!
* * * LOW HITPOINT WARNING * * *
Menkaure hits you!
You die...

###########..##..########.#######
##### #...#..########.#######
#...# #.#.#..................
###...#####.#..#.########.#######
..'..............# #.........
###....####.##...########.#####.#
##'#)...#.###)..............#..
#.#.#..#.# #[M)............#.#
####.#.#..#.###)@##########.#.#..
.....#.#..#.#............##.#.#.#
####.#.#..#.#...########.##.#.#.#
#.#.#..#.#...# #.##.#.#.#
#.#.#..#.#...# #.##.#.#..
#.#.#..#.#...# #.##.#.#.#
#.#.#..#.....# #.##.#.#.#
###.#.....#..## #.##.#.#.#
#.##....#...## #.##.#.#.#


You could see Menkaure (fast).

Vanquished Creatures
  Edmund (D:4)
  A water moccasin (Sewer)
  A necrophage (D:4)
  An orc priest (D:4)
  A bullfrog skeleton (D:4)
  An iguana (D:4)
  3 orc wizards
  8 adders
  2 adder skeletons
  2 dart slugs
  15 orcs
  12 bats
  2 endoplasms
  2 giant cockroaches (D:4)
  13 goblins
  8 hobgoblins
  6 jackals (D:4)
  9 kobolds
  3 quokkas
  6 ball pythons
  4 frilled lizards
  3 rats
104 creatures vanquished.

Notes
Turn   | Place    | Note
-------+----------+-------------------------------------------
     0 | D:1      | SanguineChosen the Minotaur Berserker began the quest for
                  | the Orb.
     0 | D:1      | Reached XP level 1. HP: 19/19 MP: 0/0
   295 | D:1      | Reached skill level 4 in Axes
   295 | D:1      | Reached XP level 2. HP: 26/27 MP: 1/1
  1429 | D:2      | Reached ** piety under Trog
  1575 | D:2      | Reached XP level 3. HP: 33/33 MP: 2/2
  1975 | D:2      | You fall into a shaft and drop 2 floors!
  1975 | D:4      | Found a glowing drain.
  1995 | D:4      | Reached XP level 4. HP: 27/41 MP: 3/3
  2030 | Sewer    | Entered a sewer
  2040 | Sewer    | Reached skill level 5 in Axes
  2171 | Sewer    | Noticed a water moccasin
  2181 | Sewer    | Killed a water moccasin
  2182 | Sewer    | Reached XP level 5. HP: 37/47 MP: 4/4
  2562 | D:3      | Reached skill level 6 in Axes
  2562 | D:3      | Reached XP level 6. HP: 52/55 MP: 5/5
  2936 | D:3      | Reached skill level 5 in Fighting
  3111 | D:3      | Found a faded altar of an unknown god.
  3662 | D:3      | Found an iron altar of Okawaru.
  4018 | D:4      | Reached skill level 5 in Armour
  4235 | D:4      | Reached *** piety under Trog
  4341 | D:4      | Identified the +1 scale mail of the Nine Coins {rC+ Int+4
                  | SInv}
  4619 | D:4      | Noticed Edmund
  4631 | D:4      | Killed Edmund
  4632 | D:4      | Reached skill level 7 in Axes
  4632 | D:4      | Reached XP level 7. HP: 61/61 MP: 6/6
  4946 | D:5      | Entered Level 5 of the Dungeon
  4976 | D:5      | Noticed Menkaure
  4991 | D:4      | Mangled by Menkaure

Illustrated notes

Levels and vault maps discovered:
D:1:      nzn_arrival_crosshair, layout_basic
D:2:      wad_crossroads, layout_basic, serial_co_window_serial,
          co_window_paths_a, co_window_corner_a, co_window_paths_a,
          co_window_corner_a, co_window_corner_a, co_window_broadway_b,
          co_window_cross_2, co_window_corner_cb, co_window_cross_2,
          co_window_of_opportunity_c, co_window_paths_d, glass_columns_c,
          glass_columns_a, glass_columns_c
D:3:      layout_loops_ring, mainiacjoe_overflow_alcove_4,
          hellmonk_ecumenical_altar_crossroads, item_on_display_b
D:4:      kennysheep_the_goblin_king, layout_basic, gup_sewer_entry_glass,
          hangedman_abyss_or_decor_stabs, uniq_edmund
D:5:      wander_river, layout_loops_ring, minmay_temple_entry_proselytizer,
          supply_closet_lemuel, serial_bayou_pond_d, uniq_menkaure

Skill      XL: |  1  2  3  4  5  6 |
---------------+-------------------+-----
Axes           | 4 5 6 7 |  7.2
Fighting       | 4 5 |  5.4
Armour         | 3 4 5 |  5.6
Dodging        | 3 |  3.4

Action                   |  1- 3 |  4- 6 |  7- 9 || total
-------------------------+-------+-------+-------++-------
Melee: Hand axe          |    57 |   129 |    14 ||   200
       Headbutt          |    10 |    22 |     3 ||    35
       Punch             |     1 |       |       ||     1
Throw: Dart              |       |       |     2 ||     2
Invok: Trog's Hand       |       |     2 |     1 ||     3
Evoke: Wand              |       |       |     1 ||     1
  Use: Scroll            |     1 |    11 |       ||    12
       Potion            |       |       |     1 ||     1
Armor: Animal skin       |     3 |       |       ||     3
       Scale mail        |    19 |    78 |     4 ||   101
Dodge: Dodged            |    22 |    86 |     8 ||   116
